 Dungeon Crawl Stone Soup version 0.31-a0-150-g89dc3ad700 (webtiles) character file.

Game seed: 10728926503916858083

32820 qw the Marksminotaur (level 13, 0/116 HPs)
             Began as a Minotaur Hunter on June 8, 2023.
             Was an Elder of Okawaru.
             Slain by an elephant (4 damage)
             ... on level 4 of the Lair of Beasts.
             The game lasted 00:05:43 (12419 turns).

qw the Marksminotaur (Minotaur Hunter)             Turns: 12419, Time: 00:05:44

Health: 0/116      AC: 14    Str: 17    XL:     13   Next: 33%
Magic:  19/19      EV: 21    Int: 12    God:    Okawaru [****..]
Gold:   838        SH:  5    Dex: 21    Spells: 12/12 levels left

rFire   + . .        Y - +2 longbow (flame)
rCold   + . .        (shield currently unavailable)
rNeg    + + .        d - +1 ring mail {rF+}
rPois   +            (helmet restricted)
rElec   .            o - +2 cloak of the Thief {*Fog Slay-2 SInv Stlth+}
rCorr   .            k - +1 pair of gloves of the Devil's Team {rN++ Stlth+}
SInv    +            (no boots)
Will    .....        b - amulet of reflection
Stlth   +++++        a - ring of the Traitor {rC+ Int+6 Dex+3}
HPRegen 0.39/turn    r - ring of poison resistance
MPRegen 0.16/turn

%: reflection
@: heroic
A: horns 2, retaliatory headbutt
a: Renounce Religion, Heroism, Finesse


You were on level 4 of the Lair of Beasts.
You worshipped Okawaru.
Okawaru was greatly pleased with you.
You visited 3 branches of the dungeon, and saw 15 of its levels.
You also visited: Ossuary.

You collected 1878 gold pieces.
You spent 1040 gold pieces at shops.


Innate Abilities, Weirdness & Mutations

You have a pair of horns on your head.
You reflexively headbutt those who attack you in melee.


   Skills:
 - Level 11.0(16.0) Fighting
 + Level 17.9(22.9) Ranged Weapons
 - Level 6.1(11.1) Armour
 - Level 9.2(14.2) Dodging
 - Level 0.7(5.7) Stealth
 - Level 10.0 Invocations


You had 12 spell levels left.
You didn't know any spells.
Your spell library was empty.

Inventory:

Hand Weapons
 Y - a +2 longbow of flaming (weapon)
Armour
 d - a +1 ring mail of fire resistance (worn)
 f - a +1 robe of cold resistance
 k - the +1 pair of gloves of the Devil's Team (worn) {rN++ Stlth+}
   (You acquired it on level 3 of the Dungeon)

   rN:        It greatly protects you from negative energy.
   Stlth:     It makes you more stealthy.
 n - a +1 leather armour of willpower
 o - the +2 cloak of the Thief (worn) {*Fog Slay-2 SInv Stlth+}
   (You acquired it on level 6 of the Dungeon)

   *Fog:      It may release a thick cloud of smoke when the wearer is hurt.
   Slay:      It affects your accuracy & damage with ranged weapons and melee
   (-2).
   SInv:      It lets you see invisible.
   Stlth:     It makes you more stealthy.
Jewellery
 a - the ring of the Traitor (left hand) {rC+ Int+6 Dex+3}
   (You found it on level 2 of the Dungeon)

   [ring of intelligence]

   Int:       It affects your intelligence (+6).
   Dex:       It affects your dexterity (+3).
   rC:        It protects you from cold.
 b - an amulet of reflection (around neck)
 q - a ring of ice
 r - a ring of poison resistance (right hand)
Scrolls
 l - 2 scrolls of identify
Potions
 c - 5 potions of mutation
 h - 7 potions of curing
 i - 2 potions of might
 j - 3 potions of resistance
 m - a potion of haste

Dungeon Overview and Level Annotations

Branches:
Dungeon (10/15)            Temple (1/1) D:4            Lair (4/5) D:10
  Swamp (0/4) Lair:2        Snake (0/4) Lair:3          Orc (0/2) D:9
Ossuary (visited)
  Slime: Lair:4-5

Altars:
Ashenzari
Cheibriados
Dithmenos
Elyvilon
Fedhas
Gozag
Hepliaklqana
Kikubaaqudgha
Makhleb
Nemelex Xobeh
Okawaru
Qazlal
Ru
Sif Muna
Trog
Uskayaw
Vehumet
Wu Jian
Xom
Yredelemnul
Zin
The Shining One

Shops:
D:6 =:!

Portals:
Bailey: D:8

Annotations:
D:4 3 runed translucent doors, qw's ghost, amateur MiHu
D:10 2 transporters


Message History

The elephant completely misses you. You block the elephant's attack.
The elephant misses you. You block the elephant's attack.
The elephant closely misses you. You furiously retaliate!
You headbutt the elephant. The elephant closely misses you.
The elephant misses you. You furiously retaliate!
You headbutt the elephant.
The elephant trunk-slaps you but does no damage.
You shoot an arrow. The arrow hits the elephant!
The arrow burns the elephant!
The elephant is heavily wounded.
The elephant tramples you.
You hold your ground!
The elephant trunk-slaps you but does no damage.
You block the elephant's attack. The elephant trunk-slaps you.
The elephant misses you. You furiously retaliate!
You headbutt the elephant!
The elephant trunk-slaps you but does no damage.
The elephant tramples you but does no damage.
The elephant trunk-slaps you. The elephant misses you.
The elephant closely misses you.
You shoot an arrow. The arrow hits the elephant!
The arrow burns the elephant.
The elephant is severely wounded.
You block the elephant's attack. x2; The elephant misses you.
The elephant completely misses you. x2; The elephant closely misses you. x2
You furiously retaliate!
You headbutt the elephant. The elephant closely misses you.
The elephant tramples you!
You stumble backwards!
You shoot an arrow. The arrow hits the elephant!
The arrow burns the elephant.
The elephant is moderately wounded.
You shoot an arrow.
The arrow hits the elephant but does no damage.
The elephant is moderately wounded.
The elephant misses you. You furiously retaliate!
You headbutt the elephant, but do no damage.
The elephant closely misses you. The elephant completely misses you.
The elephant trunk-slaps you but does no damage.
You block the elephant's attack. The elephant trunk-slaps you.
The elephant completely misses you. You furiously retaliate!
You headbutt the elephant! The elephant closely misses you.
You shoot an arrow. The arrow hits the elephant!!
The arrow burns the elephant!
The elephant is severely wounded.
The elephant tramples the plant.
The plant begins to die.
The elephant trunk-slaps the plant.
The elephant tramples you.
You die...

...............
...............
................
#................
.................
...............
##....P........
#.#@Y.......#..
#YYY..........
#PY¤.¤........
##....¤¤¤......
#.....¤¤.......
.......¤¤¤¤......
........¤¤¤¤...(..
.#.#.....#.#......
#.#.....######...


You could see 5 elephants.

Vanquished Creatures
  A hydra (Lair:3)
  Fannar (Lair:1)
  5 death yaks (Lair:2)
  Sonja (D:10)
  A manticore (D:10)
  4 elephants
  Maurice (D:9)
  6 black mambas
  9 cane toads
  A torpor snail (Lair:2)
  5 komodo dragons
  A polar bear (Lair:3)
  Grinder (D:5)
  5 blink frogs (Lair:2)
  3 dream sheep (Lair:2)
  2 shadows (D:9)
  Eustachio (D:6)
  A spriggan (Lair:3)
  42 yaks
  3 wyverns
  2 basilisks
  Grum (Lair:1)
  A two-headed ogre zombie (D:9)
  2 swamp worms (Lair:2)
  2 acid dragons
  26 water moccasins
  5 black bears
  A sky beast (D:7)
  2 ice beasts
  2 orc warriors
  A centaur (D:9)
  3 ogres
  21 wolves
  A kobold brigand (D:7)
  2 phantoms
  15 bullfrogs
  7 water moccasin zombies (Ossuary)
  A gnoll sergeant (D:6)
  5 scorpions
  11 wights
  6 killer bees
  3 troll zombies (D:9)
  4 electric eels
  3 howler monkeys (D:8)
  9 hounds
  2 jellies (D:5)
  6 orc priests
  3 sleepcaps
  4 iguanas
  9 orc wizards
  4 ogre zombies (D:9)
  2 mummies (Ossuary)
  7 adders
  13 gnolls
  2 shadow imps
  An ufetubus (D:5)
  6 adder zombies (Ossuary)
  5 dart slugs
  A worm (D:4)
  39 orcs
  6 ball pythons
  8 bats
  13 endoplasms
  6 giant cockroaches
  3 gnoll zombies (Ossuary)
  9 hobgoblins
  A jackal (D:5)
  11 kobolds
  8 quokkas
  2 frilled lizards (D:1)
  13 goblins
  2 goblin skeletons (D:9)
  3 goblin zombies (D:9)
  A hobgoblin skeleton (D:9)
  12 hobgoblin zombies
  2 kobold zombies (Ossuary)
  3 orc skeletons (D:9)
  16 orc zombies
  4 rats
457 creatures vanquished.

Notes
Turn   | Place    | Note
-------+----------+-------------------------------------------
     0 | D:1      | qw the Minotaur Hunter began the quest for the Orb.
     0 | D:1      | Reached XP level 1. HP: 18/18 MP: 0/0
     0 | D:1      | 0 ||| qw: Version: 0.2-a-120-gdf1a93b
     0 | D:1      | 0 ||| qw: Game counter: 3005
     0 | D:1      | 0 ||| qw: Always use a shield: true
     0 | D:1      | 0 ||| qw: God list: Okawaru
     0 | D:1      | 0 ||| qw: Allow faded altars: false
     0 | D:1      | 0 ||| qw: Do Orc after D:15 true
     0 | D:1      | 0 ||| qw: Do second Lair branch before Depths: true
     0 | D:1      | 0 ||| qw: Lair rune preference: random
     0 | D:1      | 0 ||| qw: Plans: Normal
     0 | D:1      | 0 ||| PLANNING D:1-11
   308 | D:1      | Reached XP level 2. HP: 25/25 MP: 1/1
   323 | D:1      | Reached skill level 5 in Ranged Weapons
   589 | D:1      | 589 ||| UPGRADING to +1 ring mail of fire resistance.
   599 | D:1      | 599 ||| DROPPING +0 leather armour.
   600 | D:1      | 600 ||| DROPPING ring of flight.
   601 | D:1      | 601 ||| READING scroll labelled INEMEN PYFFAG.
   604 | D:1      | 604 ||| DROPPING scroll of butterflies.
   702 | D:2      | Reached skill level 1 in Armour
   708 | D:2      | Reached skill level 3 in Fighting
   722 | D:2      | Reached XP level 3. HP: 24/31 MP: 2/2
  1234 | D:2      | Identified the ring of the Traitor {rC+ Int+6 Dex+3}
  1463 | D:2      | 1463 ||| UPGRADING to +0 pair of gloves.
  1468 | D:2      | 1468 ||| UPGRADING to ring of the Traitor {rC+ Int+6
                  | Dex+3}.
  1469 | D:2      | 1469 ||| DRINKING 2 purple potions.
  1500 | D:3      | 1500 ||| PLANNING SEWER
  1754 | D:3      | Reached XP level 4. HP: 38/38 MP: 3/3
  1776 | D:3      | Reached skill level 6 in Ranged Weapons
  1963 | D:3      | Found a faded altar of an unknown god.
  2081 | D:3      | HP: 9/40 [orc/+0 flail (6)]
  2082 | D:3      | 2082 ||| DRINKING potion of heal wounds.
  2090 | D:3      | Reached XP level 5. HP: 16/46 MP: 4/4
  2118 | D:3      | 2118 ||| RIP SEWER
  2199 | D:3      | 2199 ||| PLANNING D:1-11
  2339 | D:3      | 2339 ||| Stepping ~*~*~tactically~*~*~ (water).
  2350 | D:3      | 2350 ||| Stepping ~*~*~tactically~*~*~ (water).
  2452 | D:3      | Found a bloodstained altar of Trog.
  2583 | D:3      | 2583 ||| UPGRADING to +0 cloak.
  2588 | D:3      | 2588 ||| READING 4 scrolls labelled QUSIL BUFEA.
  2589 | D:3      | 2589 ||| READING 3 scrolls labelled UMOSKOXTING.
  2589 | D:3      | Identified 3 scrolls of acquirement
  2589 | D:3      | 2589 ||| ACQUIRING +1 pair of gloves of the Devil's Team
                  | {rN++ Stlth+}
  2589 | D:3      | Acquired the +1 pair of gloves of the Devil's Team {rN++
                  | Stlth+}
  2591 | D:3      | 2591 ||| UPGRADING to +1 pair of gloves of the Devil's Team
                  | {rN++ Stlth+}.
  2601 | D:3      | 2601 ||| DROPPING +0 pair of gloves.
  2602 | D:3      | 2602 ||| READING 2 scrolls of acquirement.
  2602 | D:3      | 2602 ||| ACQUIRING +2 heavy hand crossbow
  2602 | D:3      | Acquired a +2 heavy hand crossbow
  2603 | D:3      | 2603 ||| READING scroll of acquirement.
  2603 | D:3      | 2603 ||| ACQUIRING 624 gold pieces
  2603 | D:3      | Acquired 624 gold pieces
  2605 | D:3      | 2605 ||| SWAPPING to +2 heavy hand crossbow.
  2606 | D:3      | 2606 ||| DROPPING +0 shortbow.
  2607 | D:3      | 2607 ||| DROPPING 3 scrolls of amnesia.
  2738 | D:4      | Found a runed translucent gate.
  2738 | D:4      | Found a runed translucent gate.
  2739 | D:4      | Found a runed translucent gate.
  2739 | D:4      | Noticed qw's ghost (amateur MiHu)
  2754 | D:4      | Found a staircase to the Ecumenical Temple.
  2755 | D:4      | 2755 ||| PLANNING TEMPLE
  2755 | D:4      | 2755 ||| UPGRADING to amulet of regeneration.
  2770 | Temple   | Entered the Ecumenical Temple
  2772 | Temple   | 2772 ||| PLANNING OKAWARU WORSHIP
  2795 | Temple   | Became a worshipper of Warmaster Okawaru
  2795 | Temple   | 2795 ||| PLANNING D:1-11
  2970 | D:4      | Noticed a black bear
  2971 | D:4      | 2971 ||| READING scroll labelled XEOMAE AXKUMOWK.
  2972 | D:4      | 2972 ||| DRINKING 2 bubbling orange potions.
  2977 | D:4      | 2977 ||| DROPPING potion of ambrosia.
  2979 | D:4      | 2979 ||| Stepping ~*~*~tactically~*~*~ (cloud).
  2981 | D:4      | Killed a black bear
  2982 | D:4      | Reached skill level 7 in Ranged Weapons
  2982 | D:4      | Reached XP level 6. HP: 43/52 MP: 5/5
  3574 | D:4      | Reached skill level 8 in Ranged Weapons
  3594 | D:4      | Reached skill level 3 in Dodging
  3594 | D:4      | Reached XP level 7. HP: 59/59 MP: 6/6
  3812 | D:5      | Entered Level 5 of the Dungeon
  3813 | D:5      | 3813 ||| PLANNING OSSUARY
  3813 | D:5      | Reached * piety under Okawaru
  3839 | D:5      | Reached skill level 1 in Invocations
  3868 | D:5      | 3868 ||| INVOKING Heroism.
  3896 | D:5      | Noticed Grinder
  3897 | D:5      | 3897 ||| INVOKING Heroism.
  3901 | D:5      | Killed Grinder
  3902 | D:5      | Reached skill level 9 in Ranged Weapons
  3902 | D:5      | Reached skill level 3 in Invocations
  3902 | D:5      | Reached XP level 8. HP: 68/68 MP: 5/9
  3945 | D:5      | 3945 ||| SWAPPING to +0 longbow.
  3946 | D:5      | 3946 ||| DROPPING +2 heavy hand crossbow.
  3978 | D:5      | Found a sand-covered staircase.
  3979 | D:5      | 3979 ||| READING scroll labelled MUOCZO RANEWK.
  3980 | D:5      | 3980 ||| READING scroll labelled SEOGHEDGHOAREU.
  3981 | D:5      | 3981 ||| READING scroll labelled ITERIO IMPAU.
  3982 | D:5      | 3982 ||| READING 2 scrolls labelled ERAMEG RIHYSOO.
  3983 | D:5      | 3983 ||| READING scroll of enchant weapon.
  3983 | D:5      | 3983 ||| ENCHANTING +1 longbow.
  3984 | D:5      | 3984 ||| DRINKING 2 inky potions.
  3985 | D:5      | 3985 ||| DROPPING potion of degeneration.
  3994 | Ossuary  | Entered an ossuary
  4039 | Ossuary  | Reached ** piety under Okawaru
  4050 | Ossuary  | Reached skill level 6 in Fighting
  4130 | Ossuary  | Reached skill level 10 in Ranged Weapons
  4168 | Ossuary  | 4168 ||| READING scroll labelled CATHRO HOSCHOINI.
  4169 | Ossuary  | 4169 ||| READING scroll labelled WIEXZA QANEMU.
  4170 | Ossuary  | 4170 ||| DRINKING 4 yellow potions.
  4171 | Ossuary  | 4171 ||| DRINKING 2 fizzy ruby potions.
  4172 | Ossuary  | 4172 ||| DRINKING 2 fuming white potions.
  4173 | Ossuary  | 4173 ||| DRINKING 2 emerald potions.
  4220 | Ossuary  | 4220 ||| DRINKING 2 viscous sapphire potions.
  4221 | Ossuary  | 4221 ||| DROPPING potion of lignification.
  4222 | Ossuary  | 4222 ||| DROPPING potion of attraction.
  4231 | D:5      | 4231 ||| PLANNING D:1-11
  4263 | D:5      | Reached skill level 3 in Armour
  4402 | D:5      | 4402 ||| INVOKING Heroism.
  4407 | D:5      | Reached XP level 9. HP: 79/79 MP: 8/11
  4529 | D:5      | 4529 ||| INVOKING Heroism.
  4617 | D:5      | Reached skill level 11 in Ranged Weapons
  4923 | D:6      | Found Lipp's Distillery.
  4928 | D:6      | 4928 ||| BUYING 2 potions of heal wounds (100 gold).
  4928 | D:6      | Bought 2 potions of heal wounds for 100 gold pieces
  4928 | D:6      | 4928 ||| BUYING 2 potions of mutation (160 gold).
  4928 | D:6      | Bought 2 potions of mutation for 160 gold pieces
  4928 | D:6      | 4928 ||| BUYING potion of curing (30 gold).
  4928 | D:6      | Bought a potion of curing for 30 gold pieces
  4928 | D:6      | 4928 ||| BUYING potion of might (40 gold).
  4928 | D:6      | Bought a potion of might for 40 gold pieces
  4928 | D:6      | 4928 ||| BUYING potion of mutation (80 gold).
  4928 | D:6      | Bought a potion of mutation for 80 gold pieces
  4962 | D:6      | Found a glowing silver altar of Zin.
  4963 | D:6      | Found a stormy altar of Qazlal.
  4969 | D:6      | Found a basalt altar of Yredelemnul.
  4971 | D:6      | Found an opulent altar of Gozag.
  4972 | D:6      | Found a glowing golden altar of the Shining One.
  4976 | D:6      | Found an ornate altar of the Wu Jian Council.
  4980 | D:6      | Found an ancient bone altar of Kikubaaqudgha.
  5004 | D:6      | Reached *** piety under Okawaru
  5027 | D:6      | 5027 ||| INVOKING Heroism.
  5028 | D:6      | 5028 ||| Stepping ~*~*~tactically~*~*~ (outnumbered).
  5044 | D:6      | 5044 ||| INVOKING Heroism.
  5061 | D:6      | Noticed Eustachio
  5064 | D:6      | 5064 ||| INVOKING Heroism.
  5071 | D:6      | Killed Eustachio
  5205 | D:6      | 5205 ||| INVOKING Heroism.
  5241 | D:6      | Reached skill level 12 in Ranged Weapons
  5264 | D:6      | 5264 ||| INVOKING Heroism.
  5297 | D:6      | 5297 ||| INVOKING Heroism.
  5385 | D:6      | 5385 ||| READING scroll of acquirement.
  5385 | D:6      | 5385 ||| ACQUIRING +2 cloak of the Thief {*Fog Slay-2 SInv
                  | Stlth+}
  5385 | D:6      | Acquired the +2 cloak of the Thief {*Fog Slay-2 SInv
                  | Stlth+}
  5385 | D:6      | Found the +2 cloak of the Thief {*Fog Slay-2 SInv Stlth+}
  5387 | D:6      | 5387 ||| UPGRADING to +2 cloak of the Thief {*Fog Slay-2
                  | SInv Stlth+}.
  5397 | D:6      | 5397 ||| DROPPING +0 cloak.
  5431 | D:6      | Found Celozxemi's Jewellery Shoppe.
  5435 | D:6      | 5435 ||| BUYING ring of ice (350 gold).
  5435 | D:6      | Bought a ring of ice for 350 gold pieces
  5435 | D:6      | 5435 ||| BUYING ring of poison resistance (280 gold).
  5435 | D:6      | Bought a ring of poison resistance for 280 gold pieces
  5435 | D:6      | 5435 ||| SHOPLISTING ring of positive energy (280 gold,
                  | have 233).
  5435 | D:6      | 5435 ||| SHOPLISTING ring of protection from fire (350
                  | gold, have 233).
  5435 | D:6      | 5435 ||| SHOPLISTING ring of willpower (350 gold, have
                  | 233).
  5464 | D:6      | 5464 ||| INVOKING Heroism.
  5515 | D:6      | Found Hikih's Book Emporium.
  5637 | D:6      | 5637 ||| DROPPING amulet of guardian spirit.
  5638 | D:6      | 5638 ||| UPGRADING to ring of poison resistance.
  5639 | D:6      | 5639 ||| READING 2 scrolls labelled EFAFAR SAHATHI.
  5921 | D:7      | Found a hide-covered altar of Uskayaw.
  5970 | D:7      | 5970 ||| INVOKING Heroism.
  5971 | D:7      | 5971 ||| Stepping ~*~*~tactically~*~*~ (outnumbered).
  5973 | D:7      | 5973 ||| DRINKING 5 potions of curing.
  5973 | D:7      | 5973 ||| (to cure confusion)
  6131 | D:7      | 6131 ||| Stepping ~*~*~tactically~*~*~ (outnumbered).
  6134 | D:7      | 6134 ||| Stepping ~*~*~tactically~*~*~ (outnumbered).
  6136 | D:7      | 6136 ||| Stepping ~*~*~tactically~*~*~ (outnumbered).
  6146 | D:7      | Reached XP level 10. HP: 88/88 MP: 12/12
  6300 | D:7      | 6300 ||| READING scroll labelled DISHYPR QIEGO.
  6301 | D:7      | 6301 ||| READING 3 scrolls of identify.
  6301 | D:7      | 6301 ||| IDENTIFYING silvery potion
  6302 | D:7      | 6302 ||| READING 2 scrolls of identify.
  6302 | D:7      | 6302 ||| IDENTIFYING metallic pink potion
  6303 | D:7      | 6303 ||| DROPPING potion of invisibility.
  6304 | D:7      | 6304 ||| DROPPING potion of berserk rage.
  6378 | D:8      | Found a flagged portal.
  6465 | D:8      | 6465 ||| INVOKING Heroism.
  6488 | D:8      | 6488 ||| INVOKING Heroism.
  6507 | D:8      | 6507 ||| INVOKING Heroism.
  6510 | D:8      | Reached skill level 13 in Ranged Weapons
  6525 | D:8      | 6525 ||| INVOKING Heroism.
  6646 | D:8      | 6646 ||| READING scroll of brand weapon.
  6646 | D:8      | 6646 ||| BRANDING +2 longbow of draining.
  6744 | D:8      | Found a sacrificial altar of Ru.
  6936 | D:8      | 6936 ||| DROPPING amulet of magic regeneration.
  6951 | D:9      | Noticed Maurice
  6955 | D:9      | Reached skill level 6 in Dodging
  6961 | D:9      | 6961 ||| INVOKING Heroism.
  6980 | D:9      | Killed Maurice
  6981 | D:9      | Reached skill level 9 in Fighting
  7078 | D:9      | 7078 ||| INVOKING Heroism.
  7158 | D:9      | Found a staircase to the Orcish Mines.
  7233 | D:9      | Found the +5 Storm Queen's Shield {shock, Fly rElec}
  7257 | D:9      | Reached skill level 14 in Ranged Weapons
  7447 | D:9      | 7447 ||| UPGRADING to amulet of reflection.
  7457 | D:9      | 7457 ||| DROPPING amulet of regeneration.
  7458 | D:9      | 7458 ||| READING 2 scrolls of identify.
  7458 | D:9      | 7458 ||| IDENTIFYING amethyst potion
  7459 | D:9      | 7459 ||| DROPPING potion of enlightenment.
  7469 | D:10     | Entered Level 10 of the Dungeon
  7470 | D:10     | Reached **** piety under Okawaru
  7473 | D:10     | 7473 ||| STAIRDANCE
  7477 | D:9      | 7477 ||| INVOKING Heroism.
  7600 | D:10     | 7600 ||| STAIRDANCE
  7737 | D:10     | Noticed Sonja
  7741 | D:10     | Killed Sonja
  7742 | D:10     | Reached XP level 11. HP: 99/99 MP: 13/13
  7757 | D:10     | 7757 ||| INVOKING Heroism.
  8000 | D:10     | Found a transporter.
  8056 | D:10     | Found a transporter.
  8109 | D:10     | 8109 ||| INVOKING Heroism.
  8113 | D:10     | HP: 18/99 [yak (11)]
  8114 | D:10     | 8114 ||| DRINKING 5 potions of heal wounds.
  8115 | D:10     | Reached skill level 6 in Invocations
  8119 | D:10     | HP: 21/99 [yak (6)]
  8120 | D:10     | 8120 ||| DRINKING 4 potions of heal wounds.
  8125 | D:10     | HP: 24/99 [yak (12)]
  8126 | D:10     | 8126 ||| DRINKING 3 potions of heal wounds.
  8127 | D:10     | Reached ***** piety under Okawaru
  8331 | D:10     | Noticed a soul eater
  8378 | D:10     | 8378 ||| FLEEEEING.
  8379 | D:10     | 8379 ||| FLEEEEING.
  8380 | D:10     | 8380 ||| FLEEEEING.
  8381 | D:10     | 8381 ||| FLEEEEING.
  8382 | D:10     | 8382 ||| FLEEEEING.
  8383 | D:10     | 8383 ||| FLEEEEING.
  8384 | D:10     | 8384 ||| FLEEEEING.
  8385 | D:10     | 8385 ||| FLEEEEING.
  8386 | D:10     | 8386 ||| FLEEEEING.
  8387 | D:10     | 8387 ||| FLEEEEING.
  8388 | D:10     | 8388 ||| FLEEEEING.
  8389 | D:10     | 8389 ||| FLEEEEING.
  8390 | D:10     | 8390 ||| FLEEEEING.
  8391 | D:10     | 8391 ||| FLEEEEING.
  8394 | D:10     | 8394 ||| FLEEEEING.
  8395 | D:10     | 8395 ||| FLEEEEING.
  8514 | D:10     | 8514 ||| INVOKING Heroism.
  8521 | D:10     | Reached skill level 15 in Ranged Weapons
  8529 | D:10     | Found a staircase to the Lair.
  8651 | D:10     | 8651 ||| PLANNING LAIR
  8651 | D:10     | 8651 ||| DROPPING amulet of the acrobat.
  8698 | Lair:1   | Entered Level 1 of the Lair of Beasts
  8781 | Lair:1   | 8781 ||| INVOKING Heroism.
  8856 | Lair:1   | Noticed Fannar
  8872 | Lair:1   | Killed Fannar
  8980 | Lair:1   | 8980 ||| INVOKING Heroism.
  8990 | Lair:1   | Identified the +0 plate armour of a bailey {Rampage Str+4
                  | Int-3} (Okawaru gifted it to you on level 1 of the Lair of
                  | Beasts)
  8990 | Lair:1   | Received a gift from Okawaru
  9009 | Lair:1   | 9009 ||| INVOKING Heroism.
  9082 | Lair:1   | 9082 ||| INVOKING Heroism.
  9174 | Lair:1   | 9174 ||| INVOKING Heroism.
  9178 | Lair:1   | Reached XP level 12. HP: 106/106 MP: 14/17
  9242 | Lair:1   | Noticed Grum
  9243 | Lair:1   | 9243 ||| INVOKING Heroism.
  9247 | Lair:1   | Killed Grum
  9320 | Lair:1   | 9320 ||| INVOKING Heroism.
  9712 | Lair:1   | 9712 ||| READING scroll labelled WUYV AMETOTO.
  9713 | Lair:1   | 9713 ||| DRINKING 2 golden potions.
  9714 | Lair:1   | 9714 ||| DROPPING potion of brilliance.
  9725 | Lair:2   | 9725 ||| INVOKING Heroism.
  9732 | Lair:2   | Reached skill level 9 in Invocations
  9792 | Lair:2   | 9792 ||| INVOKING Heroism.
  9973 | Lair:2   | 9973 ||| INVOKING Heroism.
 10002 | Lair:2   | Reached skill level 16 in Ranged Weapons
 10124 | Lair:2   | Noticed a death yak
 10124 | Lair:2   | Noticed a death yak
 10125 | Lair:2   | 10125 ||| INVOKING Heroism.
 10129 | Lair:2   | Noticed a death yak
 10131 | Lair:2   | Noticed a death yak
 10131 | Lair:2   | Noticed a death yak
 10137 | Lair:2   | Killed a death yak
 10141 | Lair:2   | Killed a death yak
 10148 | Lair:2   | HP: 25/110 [death yak (9)]
 10149 | Lair:2   | 10149 ||| READING scroll of teleportation.
 10150 | Lair:2   | 10150 ||| DRINKING 2 potions of heal wounds.
 10312 | Lair:2   | 10312 ||| FLEEEEING.
 10316 | Lair:2   | 10316 ||| FLEEEEING.
 10318 | Lair:2   | 10318 ||| FLEEEEING.
 10320 | Lair:2   | 10320 ||| INVOKING Heroism.
 10462 | Lair:2   | 10462 ||| INVOKING Heroism.
 10477 | Lair:2   | Found a staircase to the Swamp.
 10523 | Lair:2   | 10523 ||| INVOKING Heroism.
 10717 | Lair:2   | 10717 ||| INVOKING Heroism.
 10722 | Lair:2   | Killed a death yak
 10723 | Lair:2   | Reached skill level 17 in Ranged Weapons
 10727 | Lair:2   | Killed a death yak
 10728 | Lair:2   | Reached skill level 6 in Armour
 10736 | Lair:2   | Killed a death yak
 10736 | Lair:2   | Received a gift from Okawaru
 10773 | Lair:2   | You fall into a shaft and drop 1 floor!
 10813 | Lair:3   | 10813 ||| INVOKING Heroism.
 10817 | Lair:3   | Reached XP level 13. HP: 79/116 MP: 16/19
 10980 | Lair:3   | Found a staircase to the Snake Pit.
 11043 | Lair:3   | 11043 ||| INVOKING Heroism.
 11081 | Lair:3   | 11081 ||| INVOKING Heroism.
 11087 | Lair:3   | Reached skill level 9 in Dodging
 11359 | Lair:3   | 11359 ||| STAIRDANCE
 11362 | Lair:2   | 11362 ||| INVOKING Heroism.
 11374 | Lair:2   | HP: 29/116 [yak (8)]
 11375 | Lair:2   | 11375 ||| DRINKING potion of heal wounds.
 11549 | Lair:3   | 11549 ||| STAIRDANCE
 11553 | Lair:2   | 11553 ||| INVOKING Heroism.
 11697 | Lair:3   | 11697 ||| INVOKING Heroism.
 12402 | Lair:4   | 12402 ||| INVOKING Heroism.
 12411 | Lair:4   | HP: 27/116 [elephant (8)]
 12415 | Lair:4   | HP: 12/116 [elephant (4)]
 12416 | Lair:4   | HP: 5/116 [elephant (7)]
 12419 | Lair:4   | Slain by an elephant

Levels and vault maps discovered:
D:1:      tarquinn_simple_flora_water_b, layout_loops_ring, minmay_statues_item,
          fountainhead
D:2:      minmay_diamond_boxcup, layout_loops_corners, minmay_pentomino_pile
D:3:      minmay_chambers_of_threes, layout_basic, marbit_many_paths,
          ebering_ecumenical_altar_sacrificial, gup_sewer_entry_pipe
D:4:      layout_loops_corners, minmay_temple_entry_sparse_star,
          serial_co_window_serial, co_window_paths_a,
          co_window_of_opportunity_a, co_window_paths_a,
          co_window_of_opportunity_a, co_window_paths_a,
          co_window_of_opportunity_b, co_window_cross_4, co_window_broadway_a,
          co_window_broadway_a, co_window_sun, glass_columns_c, glass_columns_b,
          glass_columns_a, glass_columns_c, glass_columns_a,
          gammafunk_ghost_nasty_kobolds
D:5:      minmay_polygon_palace, layout_cave_pools, enter_ossuary_3,
          uniq_grinder
D:6:      nicolae_cairo_tiling_large, layout_cave_pools,
          nicolae_overflow_hallway_of_the_gods, serial_shops,
          nicolae_shop_rolling_square, serial_gnoll_camp, gnoll_camp_mini_hut,
          gnoll_camp_mini_loothouse, gnoll_camp_mini_shop, gnoll_camp_mini_shop,
          uniq_eustachio
D:7:      layout_loops_ring, mainiacjoe_overflow_chevrons,
          grunt_decor_one_mirror, chequers_serial_rivers_micro_a,
          kennysheep_generic_room_14
D:8:      layout_loops_cross, general_overflow_altar,
          lightli_bailey_entry_fortress, minmay_misc_feat_four_crosses,
          minmay_misc_feat_five, disabler_island
D:9:      layout_big_octagon, zombieorc2_lemuel, uniq_maurice
D:10:     layout_long_grid, grunt_lair_entry_orc_guard_hut,
          gammafunk_ghost_abyssal_escape, grunt_decor_arrowhead, uniq_sonja
Temple:   hellmonk_temple_two_chambers
Lair:1:   layout_regular_city, uniq_grum, uniq_fannar
Lair:2:   layout_hall_layers, nicolae_swamp_entry_splash_gauntlet
Lair:3:   layout_hall_layers, minmay_snake_entry_six_corridors,
          grunt_forest_stairs_clearing
Lair:4:   layout_cave_shapes, minmay_slime_entry_oklob_open,
          serial_bayou_shore_a

Skill      XL: |  1  2  3  4  5  6  7  8  9 10 11 12 13 |
---------------+----------------------------------------+-----
Ranged Weapons | 5 6 7 8 9 10 12 14 15 17 | 17.9
Armour         | 1 2 3 4 5 6 |  6.1
Fighting       | 3 4 5 7 8 10 11 | 11.0
Dodging        | 3 4 5 7 8 9 |  9.2
Invocations    | 3 4 8 9 10 | 10.0
Stealth        | |  0.7

Action                     |  1- 3 |  4- 6 |  7- 9 | 10-12 | 13-15 || total
---------------------------+-------+-------+-------+-------+-------++-------
   Fire: Shortbow          |   110 |    62 |       |       |       ||   172
         Hand crossbow     |       |    26 |    17 |       |       ||    43
         Longbow           |       |       |   296 |   633 |   160 ||  1089
 Invoke: Heroism           |       |       |    12 |    26 |     6 ||    44
    Use: Scroll            |     1 |     5 |     9 |     7 |       ||    22
         Potion            |     1 |     2 |     7 |     5 |     1 ||    16
 Armour: Leather armour    |     3 |       |       |       |       ||     3
         Ring mail         |    29 |    24 |    42 |   128 |    38 ||   261
  Dodge: Dodged            |    35 |    40 |    97 |   358 |   129 ||   659
  Block: Other             |       |       |       |    74 |    35 ||   109

Table legend:
 A = Non-vault XP
 B = Vault XP
 C = Vault XP percentage of total XP
 D = Non-vault monster count
 E = Vault monster count
 F = Vault count percentage of total count
                 A         B        C        D         E       F
            +---------+---------+-------+---------+---------+-------
      Total |   35271 |   11615 |  24.8 |     281 |     176 |  38.5
            +---------+---------+-------+---------+---------+-------
        D:1 |      26 |       0 |   0.0 |      15 |       0 |   0.0
        D:2 |      30 |      31 |  50.8 |      15 |      12 |  44.4
        D:3 |      62 |      63 |  50.4 |      12 |      17 |  58.6
        D:4 |     554 |       0 |   0.0 |      20 |       0 |   0.0
        D:5 |     978 |    1009 |  50.8 |      23 |      17 |  42.5
        D:6 |     896 |     445 |  33.2 |      24 |      10 |  29.4
        D:7 |     923 |     127 |  12.1 |      17 |       2 |  10.5
        D:8 |     252 |     433 |  63.2 |      12 |      16 |  57.1
        D:9 |    2869 |    1483 |  34.1 |      27 |      37 |  57.8
       D:10 |    4503 |    1481 |  24.7 |      24 |       7 |  22.6
     Lair:1 |    5534 |    1302 |  19.0 |      28 |       4 |  12.5
     Lair:2 |   13814 |     838 |   5.7 |      45 |       4 |   8.2
     Lair:3 |    3978 |    3762 |  48.6 |      17 |      18 |  51.4
     Lair:4 |     852 |       0 |   0.0 |       2 |       0 |   0.0
    Ossuary |       0 |     641 | 100.0 |       0 |      32 | 100.0
            +---------+---------+-------+---------+---------+-------
